 Dungeon Crawl Stone Soup version 0.17-a0-1311-gbcbd859 (webtiles) character file.

49 Zwobot the Grasshopper (level 3, 0/16 HPs)
             Began as a Felid Warper on June 8, 2015.
             Slain by a worm (4 damage)
             ... on level 2 of the Dungeon.
             The game lasted 00:05:08 (1752 turns).

Zwobot the Grasshopper (Felid Warper)               Turns: 1752, Time: 00:05:08

Health: 0/16       AC:  1    Str:  7    XL:     3   Next: 53%
Magic:  7/7        EV: 18    Int: 14    God:
Gold:   86         SH:  0    Dex: 16    Spells: 2 memorised, 3 levels left
                                        Lives:  0   Deaths: 0

rFire  . . .     SeeInvis +       - Unarmed
rCold  . . .     Clarity  .     (armour unavailable)
rNeg   . . .     SustAt   .     (shield unavailable)
rPois  .         Gourm    .     (helmet unavailable)
rElec  .         Spirit   .     (cloak unavailable)
rCorr  .         Warding  .     (gloves unavailable)
rMut   .         Stasis   .     (boots unavailable)
MR     .....                    (no amulet)
Stlth  ++........               (no ring)
                                (no ring)

@: quick, not resistant to hostile enchantments, unstealthy
A: no armour, no weapons or thrown items, claws 1, fangs 3, see invisible,
carnivore 3, speed 1, shaggy fur 1, slow metabolism 1, sharp paws
a: no special abilities


You were on level 2 of the Dungeon.
You were completely stuffed.

You visited 1 branch of the dungeon, and saw 2 of its levels.

You collected 86 gold pieces.

Inventory:

Jewellery
 d - an uncursed ring of ice
Scrolls
 b - a scroll of blinking
Potions
 e - 3 potions of haste
 f - 2 potions of flight {unknown}
 g - a potion of beneficial mutation {unknown}
Books
 a - a book of Spatial Translocations

   Spells                             Type                      Level
   a - Apportation                    Translocation                1
   b - Blink                          Translocation                2
   c - Shroud of Golubria             Charms/Translocation         2
   d - Portal Projectile              Translocation                3
   e - Teleport Other                 Translocation                3
   f - Passage of Golubria            Translocation                4
Comestibles
 c - 2 meat rations {@e2}
 h - 2 chunks of flesh {@w0}
 i - a beef jerky


   Skills:
 - Level 2.0 Fighting
 + Level 3.5 Dodging
 + Level 3.8 Unarmed Combat
 - Level 2.0 Spellcasting
 - Level 4.4 Translocations


You had 3 spell levels left.
You knew the following spells:

 Your Spells              Type           Power        Failure   Level  Hunger
a - Apportation           Tloc           ##........   4%          1    ##.....
b - Blink                 Tloc           N/A          10%         2    ###....


Dungeon Overview and Level Annotations

Branches:
Dungeon (2/15)

Altars:
Qazlal


Innate Abilities, Weirdness & Mutations

You cannot wear armour.
You are incapable of wielding weapons or throwing items.
You have sharp claws.
You have razor-sharp teeth.
You have supernaturally acute eyesight.
You are carnivorous and can eat meat at any time.
You cover ground quickly.
You are covered in fur (AC +1).
You have a slow metabolism.
Your sharp claws are effective at attacking unaware monsters.


Message History

Found a scroll labeled BUJYRO EFFEGGUMA.
Found a scroll labeled BUJYRO EFFEGGUMA.
There is a stone staircase leading up here.
You climb upwards.
There is a stone staircase leading down here.
Health restored: 16 You start waiting.
Some of the chunks of flesh in your inventory have rotted away.
You climb downwards.
There is a stone staircase leading up here.
You swing at nothing.
You swing at nothing.
You swing at nothing.
You barely miss the worm. You claw the worm! The worm bites you!
Ouch! That really hurt!
* * * LOW HITPOINT WARNING * * *
You take 12 damage, and have 4/16 hp.
MASSIVE DAMAGE!!
You scratch the worm. The worm bites you.
You die...

# ##### #. #....
####.######## #.###
###?### ............# #.#
#.....# .......<###.# #.#
#.....#..###.##@# #.# #.#
#........###.##w###.####
#.#
##.....##...........#...#
#.#
.......##..##.###.##.##.#
#.# #.............#
#.##.##.# #.#
...........### #.##h##.#
##†### .............#
#.##.##.# #.....
.?.........#.#
#.##.##.####.....
#..#.####..w.#
#.##.............


You could see a worm.

Vanquished Creatures
  An ooze (D:2)
  4 giant geckos
  2 bats (D:1)
  2 giant cockroaches
  2 goblins
  8 hobgoblins
  5 kobolds
  A ball python (D:1)
  4 giant newts
  4 jackals (D:2)
  5 rats
38 creatures vanquished.

Notes
Turn   | Place    | Note
--------------------------------------------------------------
     0 | D:1      | Zwobot the Felid Warper began the quest for the Orb.
     0 | D:1      | Reached XP level 1. HP: 9/9 MP: 4/4
   436 | D:1      | Reached XP level 2. HP: 13/13 MP: 6/6
   443 | D:1      | Learned a level 2 spell: Blink
  1312 | D:2      | Reached XP level 3. HP: 16/16 MP: 7/7
  1475 | D:2      | Found a stormy altar of Qazlal.
  1752 | D:2      | Slain by a worm

Vault maps used:
D:1:      dpeg_arrival_windows_large_door
D:2:      grunt_qazlal_clouds, nemelex_xobeh_ov_fountains_minmay

Action                   || total
-------------------------++-------
Melee: Unarmed           ||   103
  Use: Scroll            ||     4
 Stab: Sleeping          ||     3
  Eat: Chunk             ||     9
